 Dungeon Crawl Stone Soup version 0.29-a0-233-g1125b37a9b (webtiles) character file.

Game seed: 13361678423171836762

178066 jlumianski the Warmonger (level 17, -6/129 HPs)
             Began as a Demonspawn Gladiator on Feb 28, 2022.
             Was a High Priest of Okawaru.
             Mangled by a wolf spider (10 damage)
             ... on level 2 of the Spider Nest on Mar 1, 2022.
             The game lasted 03:49:29 (48070 turns).

jlumianski the Warmonger (Demonspawn Gladiator)    Turns: 48070, Time: 03:49:29

Health: -6/129     AC: 29    Str: 20    XL:     17   Next: 56%
Magic:  25/27      EV: 16    Int: 16    God:    Okawaru [*****.]
Gold:   204        SH: 14    Dex: 23    Spells: 20/23 levels left

rFire   + . .      SeeInvis +   z - +7 spear of Ydghegeq {freeze, rPois Int+4}
rCold   + . .      Faith    .   U - +2 buckler
rNeg    . . .      Spirit   .   E - +4 scale mail "Plog" {rF+ Dex+4}
rPois   +          Reflect  .   J - +0 hat "Zega" {rC+ Dex+4}
rElec   .          Harm     .   f - scarf {repulsion}
rCorr   +          Rampage  .   u - +1 pair of gloves "Juliawipn" {rCorr}
Will    +....                   h - +0 pair of boots
Stlth   +++.......              j - amulet of the acrobat
HPRegen 0.31/turn               q - +8 ring of slaying
MPRegen 0.20/turn               o - ring of see invisible

@: wereblooded, sanguine armoured, repel missiles
A: antennae 2, icemail 1, sanguine armour 2, condensation shield, demonic magic
3, mutation resistance 1
a: Renounce Religion, Heroism, Finesse, Duel


You were on level 2 of the Spider Nest.
You worshipped Okawaru.
Okawaru was extremely pleased with you.
You visited 5 branches of the dungeon, and saw 27 of its levels.
You also visited: Ice Cave and Volcano.

You collected 3004 gold pieces.
You spent 2800 gold pieces at shops.

Inventory:

Hand Weapons
 x - the +5 dagger of Equilibrium {vorpal, rN++}
   (You found it on level 6 of the Dungeon)

   It inflicts extra damage upon your enemies.
   rN:        It greatly protects you from negative energy.
 z - the +7 spear of Ydghegeq (weapon) {freeze, rPois Int+4}
   (You found it on level 6 of the Dungeon)

   It freezes those it strikes, dealing additional cold damage.
   It can also slow down cold-blooded creatures.
   Int:       It affects your intelligence (+4).
   rPois:     It protects you from poison.
Missiles
 d - 8 throwing nets
 l - 2 boomerangs of dispersal
 C - 10 datura-tipped darts
 L - 12 silver javelins
 M - 5 poisoned darts
 T - 11 boomerangs (quivered)
Armour
 f - a scarf of repulsion (worn)
 h - a +0 pair of boots (worn)
 u - the +1 pair of gloves "Juliawipn" (worn) {rCorr}
   (You found it on level 6 of the Lair of Beasts)

   rCorr:     It protects you from acid and corrosion.
 w - a +0 pair of gloves of dexterity
 D - the +4 ring mail "Itachitz" {rCorr Str+2 Dex+4 Stlth-}
   (You found it on level 6 of the Dungeon)

   Str:       It affects your strength (+2).
   Dex:       It affects your dexterity (+4).
   rCorr:     It protects you from acid and corrosion.
   Stlth:     It makes you less stealthy.
 E - the +4 scale mail "Plog" (worn) {rF+ Dex+4}
   (You found it on level 6 of the Lair of Beasts)

   Dex:       It affects your dexterity (+4).
   rF:        It protects you from fire.
 G - the +0 pair of gloves "Jerel" {Dex+2 Stlth+}
   (Okawaru gifted it to you on level 4 of the Lair of Beasts)

   Dex:       It affects your dexterity (+2).
   Stlth:     It makes you more stealthy.
 J - the +0 hat "Zega" (worn) {rC+ Dex+4}
   (Okawaru gifted it to you on level 2 of the Lair of Beasts)

   Dex:       It affects your dexterity (+4).
   rC:        It protects you from cold.
 U - a +2 buckler (worn)
Jewellery
 j - an amulet of the acrobat (around neck)
 k - a ring of flight
 n - a +4 ring of evasion
 o - a ring of see invisible (right hand)
 q - a +8 ring of slaying (left hand)
 s - a ring of protection from cold
 t - the ring "Banubeim" {rElec Str+6}
   (You found it on level 6 of the Lair of Beasts)

   [ring of strength]

   Str:       It affects your strength (+6).
   rElec:     It insulates you from electricity.
 y - a ring of resist corrosion
 A - a ring of protection from fire
 F - a ring of protection from cold
 Q - an amulet of guardian spirit
Wands
 g - a wand of paralysis (18)
 r - a wand of iceblast (18)
 B - a wand of digging (13)
 O - a wand of flame (35)
 R - a wand of acid (8)
Scrolls
 c - 6 scrolls of identify
 e - a scroll of teleportation
 m - 3 scrolls of fear
 N - a scroll of enchant weapon
 P - 3 scrolls of blinking
 S - 7 scrolls of fog
 Y - 3 scrolls of magic mapping
Potions
 a - 4 potions of haste
 i - 3 potions of resistance
 p - 5 potions of might
 v - a potion of invisibility
 H - 2 potions of attraction
 I - a potion of berserk rage
 K - 8 potions of curing
 V - 6 potions of heal wounds
Miscellaneous
 b - a lightning rod (1/4)
 W - a tin of tremorstones (2/2)


   Skills:
 + Level 10.5 Fighting
 + Level 7.2(10.1) Axes
 - Level 11.1(12.0) Polearms
 + Level 0.9 Crossbows
 + Level 6.2 Throwing
 + Level 9.2 Armour
 + Level 9.0 Dodging
 + Level 8.5 Stealth
 + Level 12.2 Shields
 + Level 3.5 Spellcasting
 * Level 8.9 Transmutations
 * Level 14.0 Invocations
 * Level 10.6 Evocations


You had 20 spell levels left.
You knew the following spells:

 Your Spells              Type           Power      Damage    Failure   Level
a - Beastly Appendage     Tmut           62%        N/A       1%          1
b - Wereblood             Tmut           31%        N/A       1%          2

Your spell library contained the following spells:

 Spells                   Type           Power      Damage    Failure   Level
 Spider Form              Tmut/Pois      17%        N/A       24%         3
 Magic Dart               Conj           8%         1d3       45%         1
 Pain                     Necr           8%         1d4       45%         1
 Corpse Rot               Necr/Air       4%         N/A       61%         2
 Searing Ray              Conj           4%         2d4       61%         2
 Static Discharge         Conj/Air       2%         N/A       61%         2
 Gell's Gravitas          Tloc           2%         N/A       83%         3
 Lesser Beckoning         Tloc           2%         N/A       83%         3
 Ozocubu's Armour         Ice            2%         N/A       83%         3
 Teleport Other           Tloc           2%         N/A       83%         3
 Vampiric Draining        Necr           2%         2d6       83%         3
 Alistair's Intoxication  Tmut/Pois      11%        N/A       92%         5
 Irradiate                Conj/Tmut      8%         3d16      92%         5
 Cause Fear               Hex            1%         N/A       99%         4
 Dispel Undead            Necr           2%         3d7       99%         4
 Fulminant Prism          Conj/Hex       1%         3d6       99%         4
 Leda's Liquefaction      Hex/Erth       1%         N/A       99%         4
 Agony                    Necr           2%         N/A       100%        5
 Borgnjor's Vile Clutch   Necr/Erth      1%         N/A       100%        5
 Lee's Rapid Deconstruct  Erth           1%         3d5*      100%        5
 Metabolic Englaciation   Hex/Ice        1%         N/A       100%        5
 Eringya's Noxious Bog    Tmut/Pois      8%         N/A       100%        6
 Statue Form              Tmut/Erth      11%        N/A       100%        6
 Dragon Form              Tmut           15%        N/A       100%        7
 Animate Skeleton         Necr           Unusable   N/A       N/A         1
 Animate Dead             Necr           Unusable   N/A       N/A         4
 Death Channel            Necr           Unusable   N/A       N/A         6
 Simulacrum               Ice/Necr       Unusable   N/A       N/A         6
 Dragon's Call            Summ           Unusable   N/A       N/A         9

Dungeon Overview and Level Annotations

Branches:
Dungeon (15/15)            Temple (1/1) D:6            Lair (6/6) D:11
 Shoals (0/4) Lair:4       Spider (3/4) Lair:4        Slime (0/5) Lair:5
    Orc (2/2) D:10            Elf (0/3) Orc:2        Vaults (0/5) D:13
 Depths (0/4) D:15          IceCv (visited)         Volcano (visited)

Altars:
Cheibriados
Dithmenos
Elyvilon
Fedhas
Gozag
Kikubaaqudgha
Makhleb
Okawaru
Qazlal
Sif Muna
Trog
Uskayaw
Vehumet
Wu Jian
Xom
Zin
Beogh
Jiyva
Lugonu

Shops:
D:2 (   D:7 =   Orc:2 **!

Portals:
Abyss: Lair:6

Annotations:
D:9 2 transporters, exclusions: ice statue and oklob plant, sammy202020's ghost, novice DsBe
Lair:5 1 runed translucent door
Spider:3 Asterion


Innate Abilities, Weirdness & Mutations

You have a pair of antennae on your head.
A meltable icy envelope protects you from harm. (AC +4)
When seriously injured, your blood forms thick armour. (AC +9)
A meltable shield of frost defends you. (SH +4)
Spells you cast and wands you use may paralyse nearby enemies.
You are somewhat resistant to further mutation.


Message History

The tarantella goes berserk!
The spark wasp stings you. The spark wasp shocks you!
The tarantella misses you. The wolf spider completely misses you.
The wolf spider bites you but does no damage.
You climb upwards.
There is a stone staircase leading down, spattered with blood here.
Casting: Wereblood (safe; 1% risk of failure)
Confirm with . or Enter, or press ? or * to list all spells.
Your blood is infused with primal strength.
Malevolent energies surge around you. The wolf spider misses you.
You block the wolf spider's attack. The tarantella barely misses you.
You block the spark wasp's attack.
The wolf spider hits you but does no damage.
The wolf spider bites you but does no damage.
The moth of wrath bites you but does no damage.
The wolf spider hits you. The wolf spider closely misses you.
You block the tarantella's attack. The spark wasp stings you!
The spark wasp shocks you! The wolf spider hits you!!
* * * LOW HITPOINT WARNING * * *
You block the wolf spider's attack.
You don't have any unidentified items.
You hit the tarantella. You freeze the tarantella.
The tarantella is lightly wounded.
You block the moth of wrath's attack. The tarantella barely misses you.
You block the wolf spider's attack. x2; The wolf spider completely misses you. x2
You puncture the tarantella! You freeze the tarantella.
The tarantella is severely wounded.
You block the spark wasp's attack. You block the tarantella's attack.
The wolf spider hits you but does no damage.
The wolf spider bites you but does no damage.
You block the moth of wrath's attack.
You barely miss the tarantella.
The tarantella is severely wounded.
The tarantella touches you.
* * * LOW HITPOINT WARNING * * *
The wolf spider misses you. The wolf spider bites you.
* * * LOW HITPOINT WARNING * * *
You block the spark wasp's attack. You block the wolf spider's attack.
The wolf spider bites you!
You die...

##......##
#####..........# ##....##
#.##........### #...##
#.###....#.###. ##.##
#####.######....#.
##.####......####.###...
#.##.........##.##.....
###............#.....#.
#....y.............##.
#.#(.@s.....##....###.
#####ssy.....###...###.
##.####..^..^.#####.##.^
##.#.####.......# ####..
#.###.####.....## #.#..
##.####.###....## #.#..
#...####..)##..## ##...
#...(####.#####.#######^..
#...#.....## ##.#.....##.


You could see a spark wasp, 2 wolf spiders, a moth of wrath and a tarantella
(berserk).

Vanquished Creatures
  Jorgrun (Arena)
  Gastronok (Lair:3)
  An acid blob (Spider:1)
  Kirke (Lair:4)
  A rockslime (shapeshifter) (D:15)
  4 ghost moths
  An emperor scorpion (Lair:4)
  The ghost of Kesmoz the Impaler, a journeyman MfBe of Trog (Lair:3)
  A stone giant (D:15)
  5 entropy weavers
  The ghost of n8rtot the Earth Mage, a journeyman DDEE of Qazlal (Lair:2)
  2 spark wasps
  Snorg (Lair:2)
  The ghost of enile the Fighter, a journeyman MiMo of Jiyva (Lair:3)
  Josephine (Spider:1)
  A fire dragon (Volcano)
  8 vault guards
  13 hydras
  A catoblepas (Lair:3)
  4 ogre magi
  9 boulder beetles
  2 death knights
  20 two-headed ogres
  5 centaur warriors
  Erica (D:8)
  6 death yaks
  6 orc high priests
  Urug (Lair:3)
  4 thrashing horrors (Lair:6)
  Amaemon (Lair:3)
  5 skeletal warriors
  13 orb spiders
  A wizard (D:14)
  An orc knight (Orc:1)
  5 steelbarb worms
  A lindwurm (Lair:2)
  2 deep elf pyromancers (D:15)
  3 orc sorcerers
  11 wolf spiders
  3 salamanders (Volcano)
  5 cyclopes
  15 ugly things
  An oklob plant (Spider:1)
  3 manticores
  A moth of wrath (Spider:2)
  8 black mambas
  2 smoke demons (Lair:6)
  7 elephants
  A merfolk siren (Lair:4)
  An orange demon (Lair:3)
  3 ice statues (IceCv)
  13 cane toads
  Maggie (Lair:2)
  2 gargoyles
  4 torpor snails
  11 komodo dragons
  A rime drake (Lair:6)
  3 demonic crawlers
  An efreet (D:15)
  2 freezing wraiths (D:14)
  An anaconda simulacrum (IceCv)
  A merfolk (Lair:4)
  2 ancient zymes (Lair:6)
  3 tengu conjurers
  3 meliai (Spider:2)
  3 trolls
  4 hornets
  11 polar bears
  12 tarantellas
  13 jumping spiders
  37 blink frogs
  13 slime creatures
  12 culicivoras
  A spriggan (Lair:6)
  2 shadows
  3 ynoxinuls (Lair:6)
  12 wraiths
  10 wyverns
  2 hogs
  60 yaks
  A dire elephant simulacrum (IceCv)
  3 fire bats (Volcano)
  2 steam dragons
  A human (Lair:4)
  6 basilisks
  5 vampire mosquitoes
  3 death yak simulacra
  A chaos spawn (Lair:6)
  35 redbacks
  2 wargs
  A floating eye (shapeshifter) (D:13)
  2 floating eyes (Orc:1)
  11 water moccasins
  9 acid dragons
  3 sky beasts
  An ice beast (D:7)
  17 orc warriors
  A large abomination (Lair:6)
  11 black bears
  9 ogres
  2 necrophages
  4 boggarts (D:15)
  18 wolves
  A phantom (D:7)
  11 centaurs
  3 kobold brigands
  7 bullfrogs
  2 gnoll sergeants
  A scorpion (Lair:2)
  3 cane toad simulacra
  11 small abominations (Lair:6)
  3 elephant simulacra
  20 killer bees
  6 howler monkeys
  15 electric eels
  3 jellies
  A gnoll shaman (D:8)
  26 orc priests
  3 iguanas
  26 orc wizards
  9 hell rats
  2 polar bear simulacra (Lair:6)
  3 wolf simulacra (IceCv)
  Robin (D:2)
  25 gnolls
  8 adders
  A shadow imp (D:3)
  A white imp (D:5)
  2 ufetubi (D:5)
  2 worms
  7 dart slugs
  53 orcs
  9 bats
  3 endoplasms
  3 giant cockroaches
  12 hobgoblins
  3 quokkas
  6 ball pythons
  A frilled lizard (D:1)
  16 goblins
  17 kobolds
  4 rats
918 creatures vanquished.

Vanquished Creatures (others)
  A tarantella (Spider:2)
  A culicivora (Spider:1)
  A kobold (D:8)
  35 fungi
  75 plants
  5 withered plants (Lair:3)
118 creatures vanquished.

Grand Total: 1036 creatures vanquished

Notes
Turn   | Place    | Note
-------+----------+-------------------------------------------
     0 | D:1      | jlumianski the Demonspawn Gladiator began the quest for the
                  | Orb.
     0 | D:1      | Reached XP level 1. HP: 16/16 MP: 1/1
   229 | D:1      | Gained mutation: A meltable shield of frost defends you.
                  | (SH +4) [demonic ancestry]
   229 | D:1      | Reached XP level 2. HP: 17/22 MP: 2/2
  1021 | D:2      | Gained mutation: When seriously injured, your blood forms
                  | armour. (AC +9) [demonic ancestry]
  1021 | D:2      | Reached XP level 3. HP: 22/27 MP: 3/3
  1180 | D:2      | Found a faded altar of an unknown god.
  1439 | D:2      | Found Zeem Kewn's Antique Weapon Emporium.
  1682 | D:3      | Noticed Robin
  1873 | D:2      | Killed Robin
  1874 | D:2      | Reached skill level 1 in Armour
  1874 | D:2      | Reached XP level 4. HP: 34/34 MP: 4/4
  2620 | D:3      | Noticed a fire elemental
  2622 | D:3      | Found a stormy altar of Qazlal.
  2624 | D:3      | Noticed a water elemental
  2624 | D:3      | Noticed an earth elemental
  2624 | D:3      | Noticed an air elemental
  2656 | D:3      | Gained mutation: When seriously injured, your blood forms
                  | thick armour. (AC +9) [demonic ancestry]
  2656 | D:3      | Reached XP level 5. HP: 28/39 MP: 5/5
  2933 | D:3      | Found an opulent altar of Gozag.
  2952 | D:3      | Found an ancient bone altar of Kikubaaqudgha.
  3558 | D:3      | Noticed a necrophage
  3564 | D:3      | Killed a necrophage
  3565 | D:3      | Reached skill level 1 in Shields
  3741 | D:4      | Gained mutation: You sometimes lose the ability to read
                  | scrolls when taking damage. [potion of mutation]
  3741 | D:4      | Gained mutation: Your body sometimes deteriorates upon
                  | taking damage. [potion of mutation]
  3741 | D:4      | Gained mutation: Your natural rate of healing is unusually
                  | fast. [potion of mutation]
  3742 | D:4      | Lost mutation: You sometimes lose the ability to read
                  | scrolls when taking damage. [potion of mutation]
  3742 | D:4      | Lost mutation: Your natural rate of healing is unusually
                  | fast. [potion of mutation]
  3742 | D:4      | Lost mutation: Your body sometimes deteriorates upon taking
                  | damage. [potion of mutation]
  3742 | D:4      | Gained mutation: You are somewhat resistant to further
                  | mutation. [potion of mutation]
  3879 | D:4      | Reached XP level 6. HP: 44/46 MP: 6/6
  4133 | D:4      | Noticed a hornet
  4139 | D:4      | Paralysed by a hornet for 1 turns
  4144 | D:4      | Killed a hornet
  4145 | D:4      | Reached skill level 5 in Axes
  4145 | D:4      | Reached skill level 1 in Stealth
  4644 | D:4      | Identified the +0 leather armour "Laweavo" {rF+ Int+4}
  4724 | D:5      | Entered Level 5 of the Dungeon
  4739 | D:5      | Gained mutation: A meltable icy envelope protects you from
                  | harm. (AC +4) [demonic ancestry]
  4739 | D:5      | Reached XP level 7. HP: 52/52 MP: 7/7
  4740 | D:5      | Found a blossoming altar of Fedhas.
  4953 | D:5      | Identified the +0 hat "Imaag" {Int+3}
  5226 | D:5      | Found a shadowy altar of Dithmenos.
  5281 | D:5      | Gained mutation: Spells you cast may paralyse adjacent
                  | enemies. [demonic ancestry]
  5281 | D:5      | Reached XP level 8. HP: 15/58 MP: 8/8
  6076 | D:6      | Identified the +5 dagger of Equilibrium {vorpal, rN++}
  6093 | D:6      | Identified the +7 spear of Ydghegeq {freeze, rPois Int+4}
  6250 | D:6      | Reached skill level 1 in Polearms
  6426 | D:6      | Found a staircase to the Ecumenical Temple.
  6477 | D:6      | Reached skill level 5 in Armour
  6504 | Temple   | Entered the Ecumenical Temple
  6555 | Temple   | Became a worshipper of Warmaster Okawaru
  6660 | D:6      | Found a radiant altar of Vehumet.
  6664 | D:6      | Identified the +4 ring mail "Itachitz" {rCorr Str+2 Dex+4
                  | Stlth-}
  6678 | D:6      | Learned a level 1 spell: Beastly Appendage
  6888 | D:7      | Found a snail-covered altar of Cheibriados.
  6927 | D:7      | Reached XP level 9. HP: 65/65 MP: 9/9
  6977 | D:7      | Found Wulunk's One-of-a-Kind Rings.
  7099 | D:7      | Reached * piety under Okawaru
  8282 | D:8      | Reached skill level 5 in Polearms
  8504 | D:8      | Reached skill level 5 in Fighting
  8504 | D:8      | Reached skill level 5 in Dodging
  8504 | D:8      | Reached skill level 4 in Invocations
  8504 | D:8      | Reached XP level 10. HP: 76/76 MP: 9/13
  8505 | D:8      | Reached skill level 5 in Shields
  8505 | D:8      | Reached skill level 5 in Invocations
  8505 | D:8      | Gained mutation: Spells you cast may paralyse nearby
                  | enemies. [demonic ancestry]
  8505 | D:8      | Reached XP level 11. HP: 83/83 MP: 9/15
  8792 | D:8      | Reached ** piety under Okawaru
  8852 | D:8      | Found a shimmering altar of Xom.
  8988 | D:8      | Noticed Erica
  9007 | D:8      | Killed Erica
  9187 | D:9      | Noticed a two-headed ogre
  9201 | D:9      | Killed a two-headed ogre
  9386 | D:9      | Gained mutation: You have a pair of small antennae on your
                  | head. [demonic ancestry]
  9386 | D:9      | Reached XP level 12. HP: 89/89 MP: 16/16
  9414 | D:9      | Noticed a boulder beetle
  9415 | D:9      | Noticed sammy202020's ghost (novice DsBe)
  9417 | D:9      | Noticed a two-headed ogre
  9537 | D:9      | Reached *** piety under Okawaru
  9633 | D:9      | Found a transporter.
  9638 | D:9      | Found a transporter.
  9962 | D:9      | Found a burning altar of Makhleb.
 10014 | D:10     | Entered Level 10 of the Dungeon
 10185 | D:10     | Reached skill level 5 in Throwing
 10342 | D:10     | Noticed a centaur warrior
 10874 | D:10     | Found a shimmering blue altar of Sif Muna.
 11071 | D:10     | Found a staircase to the Orcish Mines.
 11360 | D:11     | Noticed a two-headed ogre
 11373 | D:10     | Killed a two-headed ogre
 11767 | D:10     | Reached **** piety under Okawaru
 11813 | D:10     | Received a gift from Okawaru
 11971 | D:11     | Found a staircase to the Lair.
 13379 | D:11     | Received a gift from Okawaru
 13744 | D:12     | You are sucked into a shaft and drop 3 floors!
 13744 | D:15     | Entered Level 15 of the Dungeon
 13776 | D:15     | Found a staircase to the Depths.
 13776 | D:15     | Noticed a stone giant
 13821 | D:15     | Killed a stone giant
 14072 | D:15     | Noticed Jorgrun
 14072 | D:15     | Noticed a centaur warrior
 14079 | D:15     | Noticed a death knight
 14125 | D:14     | Noticed a centaur warrior
 14143 | D:14     | Killed a centaur warrior
 14211 | D:14     | Noticed a centaur warrior
 14222 | D:14     | Killed a centaur warrior
 14372 | D:12     | Noticed a boulder beetle
 14396 | D:12     | Killed a boulder beetle
 14648 | D:12     | Reached skill level 1 in Transmutations
 14671 | D:12     | Reached skill level 6 in Invocations
 14760 | D:12     | Received a gift from Okawaru
 14761 | D:12     | Gained mutation: You have a pair of antennae on your head.
                  | [demonic ancestry]
 14761 | D:12     | Reached XP level 13. HP: 64/98 MP: 15/17
 15328 | D:13     | Reached ***** piety under Okawaru
 15741 | D:13     | Found a gate to the Vaults.
 15945 | D:12     | Reached skill level 7 in Invocations
 15979 | D:12     | Reached skill level 5 in Stealth
 16651 | D:12     | Received a gift from Okawaru
 16811 | D:12     | Reached skill level 5 in Evocations
 18204 | D:14     | Paralysed by a floating eye for 4 turns
 18458 | D:14     | Received a gift from Okawaru
 18514 | D:14     | Reached skill level 8 in Invocations
 19422 | D:13     | Received a gift from Okawaru
 19454 | D:14     | Learned a level 2 spell: Wereblood
 19994 | D:14     | Reached XP level 14. HP: 90/106 MP: 20/20
 20190 | D:14     | Received a gift from Okawaru
 20871 | D:15     | Found an ancient bone altar of Kikubaaqudgha.
 20897 | D:15     | Reached skill level 10 in Polearms
 20985 | D:15     | Reached skill level 1 in Spellcasting
 21380 | D:15     | Reached ****** piety under Okawaru
 21384 | D:15     | Received a gift from Okawaru
 21391 | D:15     | Reached skill level 9 in Invocations
 22257 | Arena    | Entered the Arena
 22268 | Arena    | Killed Jorgrun
 22366 | D:15     | Noticed a juggernaut
 22377 | D:15     | Noticed a rockslime
 22377 | D:15     | a juggernaut changed into a rockslime
 22414 | D:15     | Killed a rockslime
 22414 | D:15     | Received a gift from Okawaru
 22415 | D:15     | Reached skill level 5 in Transmutations
 22878 | Lair:1   | Entered Level 1 of the Lair of Beasts
 24881 | Lair:2   | Found a shimmering altar of Xom.
 25227 | Lair:2   | Noticed Maggie
 25246 | Lair:2   | Killed Maggie
 25321 | Lair:2   | Reached skill level 10 in Invocations
 25650 | Lair:2   | Reached XP level 15. HP: 101/113 MP: 18/22
 25736 | Lair:2   | Identified the +0 hat "Zega" {rC+ Dex+4} (Okawaru gifted it
                  | to you on level 2 of the Lair of Beasts)
 25736 | Lair:2   | Received a gift from Okawaru
 25790 | Lair:2   | Reached skill level 10 in Shields
 26463 | D:11     | Identified a scroll of acquirement
 26463 | D:11     | Acquired 540 gold pieces
 26506 | Orc:1    | Entered Level 1 of the Orcish Mines
 26848 | Orc:1    | Paralysed by an ogre mage for 6 turns
 27520 | Orc:2    | Entered Level 2 of the Orcish Mines
 27957 | Orc:2    | Found a staircase to the Elven Halls.
 28523 | Orc:2    | Reached skill level 11 in Invocations
 28718 | Orc:2    | Received a gift from Okawaru
 29220 | Orc:2    | Found Ofyb's General Store.
 29227 | Orc:2    | Found Amaotz's Distillery.
 29227 | Orc:2    | Found Plog's Antique Armour Shop.
 29413 | Orc:2    | Found Baific's General Store.
 30123 | Lair:3   | Noticed Gastronok
 30165 | Lair:3   | Killed Gastronok
 30165 | Lair:3   | Received a gift from Okawaru
 30275 | Lair:3   | Noticed Snorg
 30334 | Lair:2   | Killed Snorg
 30425 | Lair:2   | Upgraded the game from 0.29-a0-222-g5b244fca1f to
                  | 0.29-a0-233-g1125b37a9b
 30620 | Lair:3   | Found a runed translucent gate.
 30620 | Lair:3   | Found a runed translucent gate.
 30620 | Lair:3   | Found a runed translucent gate.
 30624 | Lair:3   | Noticed n8rtot's ghost (journeyman DDEE)
 30624 | Lair:3   | Noticed enile's ghost (journeyman MiMo)
 30655 | Lair:2   | Killed n8rtot's ghost
 31329 | Lair:3   | Killed enile's ghost
 31454 | Lair:3   | Noticed Amaemon
 31473 | Lair:3   | Killed Amaemon
 31600 | Lair:3   | Noticed Urug
 31644 | Lair:3   | Killed Urug
 32166 | Lair:4   | Noticed Kesmoz's ghost (journeyman MfBe)
 32292 | Lair:4   | Found a hole to the Spider Nest.
 32403 | Lair:4   | Found a staircase to the Shoals.
 32566 | Lair:4   | Found a dark tunnel.
 32584 | Volcano  | Entered a volcano
 32933 | Volcano  | Reached XP level 16. HP: 70/120 MP: 21/24
 33364 | Volcano  | Reached skill level 12 in Invocations
 34158 | Lair:4   | Found a runed translucent gate.
 34158 | Lair:4   | Found a runed translucent gate.
 34158 | Lair:4   | Found a runed translucent gate.
 34703 | Lair:3   | Killed Kesmoz's ghost
 35098 | Lair:5   | Found a runed translucent door.
 35102 | Lair:5   | Found a viscous altar of Jiyva.
 35103 | Lair:5   | Found a staircase to the Slime Pits.
 35975 | Lair:6   | Entered Level 6 of the Lair of Beasts
 36170 | Lair:6   | Received a gift from Okawaru
 36210 | Lair:6   | Found a bloodstained altar of Trog.
 36267 | Lair:6   | Found a frozen archway.
 36446 | Lair:6   | Found an ornate altar of the Wu Jian Council.
 36450 | Lair:6   | Found a hide-covered altar of Uskayaw.
 36586 | IceCv    | Entered an ice cave
 37111 | IceCv    | Got Iroyrghu's Disquisition on Conjuration and Unholy
                  | Secrets
 38502 | Lair:6   | Received a gift from Okawaru
 40179 | D:7      | Bought a +8 ring of slaying for 2800 gold pieces
 40416 | Lair:6   | Received a gift from Okawaru
 40450 | Lair:6   | Reached skill level 10 in Fighting
 40593 | Lair:6   | Found a corrupted altar of Lugonu.
 40593 | Lair:6   | Found a one-way gate to the infinite horrors of the Abyss.
 40600 | Lair:6   | Identified the ring "Banubeim" {rElec Str+6}
 40614 | Lair:6   | Identified the +1 pair of gloves "Juliawipn" {rCorr}
 40677 | Lair:6   | Identified the +4 scale mail "Plog" {rF+ Dex+4}
 41189 | Spider:1 | Entered Level 1 of the Spider Nest
 41230 | Lair:4   | HP: 3/122 [spark wasp (17)]
 41241 | Lair:4   | HP: 5/122 [spark wasp (14)]
 41562 | Lair:4   | Reached skill level 10 in Evocations
 41590 | Spider:1 | Noticed Kirke
 41613 | Lair:4   | Killed Kirke
 41613 | Lair:4   | Identified the +0 pair of gloves "Jerel" {Dex+2 Stlth+}
                  | (Okawaru gifted it to you on level 4 of the Lair of Beasts)
 41613 | Lair:4   | Received a gift from Okawaru
 41614 | Lair:4   | Reached skill level 13 in Invocations
 42436 | Spider:1 | Gained mutation: Spells you cast and wands you use may
                  | paralyse nearby enemies. [demonic ancestry]
 42436 | Spider:1 | Reached XP level 17. HP: 115/128 MP: 26/26
 42849 | Spider:1 | Noticed Josephine
 42866 | Spider:1 | Killed Josephine
 43895 | Spider:1 | Noticed an acid blob
 43908 | Spider:1 | Killed an acid blob
 47155 | Spider:2 | Received a gift from Okawaru
 47284 | Spider:2 | Reached skill level 14 in Invocations
 48006 | Spider:3 | Noticed Asterion
 48070 | Spider:2 | HP: 4/129 [wolf spider (3)]
 48070 | Spider:2 | Mangled by a wolf spider

Illustrated notes

Levels and vault maps discovered:
D:1:      mrwooster_arrival_statue, layout_loops_ring, minmay_heptomino_o4
D:2:      layout_basic, hellmonk_ecumenical_altar_defaced_shrine, serial_shops,
          shop
D:3:      minmay_chambers_of_threes, layout_basic,
          nicolae_qazlal_style_of_elements, nicolae_overflow_squiral, uniq_robin
D:4:      layout_loops_corners
D:5:      layout_gridville, fedhas_bush_and_centaur_altar,
          nicolae_dithmenos_the_darkroom
D:6:      layout_basic, lemuel_round_altar, minmay_temple_entry_water_ring
D:7:      layout_loops_ring, slow_altar_1, chequers_serial_rivers_micro_b,
          minivault_10, nicolae_shop_unique_rings, serial_bayou_pond_d
D:8:      layout_loops_cross, nicolae_overflow_crystal_walls,
          minmay_misc_feat_square, uniq_erica
D:9:      layout_roguey, kennysheep_little_box, nzn_ghost_randoct
D:10:     layout_irregular_city, mainiacjoe_overflow_catch_the_wave,
          orc_0_dummy, minivault_22
D:11:     layout_basic, lair_entry_dummy, zin_academy
D:12:     layout_roguey
D:13:     layout_rooms, erik_vaults_2, drop_trap
D:14:     layout_rooms
D:15:     grunt_enter_depths_giant_problem, layout_layer_cave,
          nicolae_kikubaaqudgha_miasma_corner, uniq_jorgrun
Temple:   minmay_temple_curvy_loop
Lair:1:   beast_lair_carwin_large_4, layout_regular_city
Lair:2:   nzn_winding_woodlands_huge [nzn_winding_woodlands_5x15_lazy_stream,
          nzn_winding_woodlands_5x15_garden, nzn_winding_woodlands_5x15_crooked,
          nzn_winding_woodlands_5x15_jagged,
          nzn_winding_woodlands_5x15_river_crossing,
          nzn_winding_woodlands_5x15_zeroes,
          nzn_winding_woodlands_5x15_sidewinder,
          nzn_winding_woodlands_5x15_default,
          nzn_winding_woodlands_5x15_pathside_ponds,
          nzn_winding_woodlands_5x15_sawtooth,
          nzn_winding_woodlands_center_pierced_h,
          nzn_winding_woodlands_center_triple_pond,
          nzn_winding_woodlands_15x15_eel_pit], layout_chaotic_city,
          basic_altar, uniq_maggie
Lair:3:   layout_chaotic_city, gammafunk_ghost_cemetery, st_stairs_9,
          serial_bayou_shore_b, grunt_megastairs_1, lemuel_fruit_tree,
          uniq_urug, uniq_gastronok, uniq_snorg, uniq_amaemon
Lair:4:   layout_gridlike, elwin_shoals_entry_rooms, spider_nest_entry_webs,
          gammafunk_ghost_split, enter_volcano_1
Lair:5:   statuecave_lemuel, layout_cave_pods, slime_altar_2,
          serial_bayou_shore_b
Lair:6:   hellmonk_lair_end_abyssal_woods, layout_regular_city,
          portal_ice_cave_entry_ice_simulacra, minivault_26,
          lemuel_altar_in_water2, nzn_masters_of_martial_movement,
          grunt_megastairs_5
Spider:1: layout_spider_delve, nicolae_spider_acid_house, uniq_josephine,
          uniq_kirke
Spider:2: layout_chambers, nicolae_spider_moth_buddies
Spider:3: layout_spider_delve, nicolae_spider_nooks_and_crannies, uniq_mara,
          uniq_asterion
Orc:1:    hellmonk_paralyzer, layout_diamond_mine
Orc:2:    st_orc_mages, layout_diamond_mine

Skill      XL: |  1  2  3  4  5  6  7  8  9 10 11 12 13 14 15 16 17 |
---------------+----------------------------------------------------+-----
Axes           | 3 4 5 6 7 |  7.2
Dodging        | 3 4 5 6 7 8 9 |  9.0
Armour         | 1 2 3 5 6 7 8 9 |  9.2
Shields        | 1 2 4 5 6 8 9 10 11 12 | 12.2
Fighting       | 3 4 5 6 8 9 10 | 10.5
Throwing       | 2 4 5 6 |  6.2
Stealth        | 1 3 4 5 6 7 8 |  8.5
Polearms       | 2 6 7 9 10 11 | 11.1
Invocations    | 4 5 6 8 10 11 13 14 | 14.0
Evocations     | 3 4 6 7 9 10 | 10.6
Transmutations | 1 4 5 6 8 |  8.9
Spellcasting   | 1 2 3 |  3.5
Crossbows      | |  0.9

Action                   |  1- 3 |  4- 6 |  7- 9 | 10-12 | 13-15 | 16-18 || total
-------------------------+-------+-------+-------+-------+-------+-------++-------
Melee: War axe           |    94 |   159 |   114 |       |       |       ||   367
       Punch             |       |       |     2 |       |       |       ||     2
       Spear             |       |       |   254 |   635 |  2421 |  1542 ||  4852
       Kick              |       |       |       |     8 |   403 |    88 ||   499
 Fire: Hand crossbow     |       |       |       |       |     8 |       ||     8
Throw: Dart              |       |     7 |    11 |    17 |     7 |       ||    42
       Boomerang         |       |       |       |       |    46 |    91 ||   137
       Javelin           |       |       |       |       |    10 |       ||    10
 Cast: Beastly Appendage |       |       |       |     3 |    57 |     8 ||    68
       Wereblood         |       |       |       |       |    29 |    33 ||    62
Invok: Heroism           |       |       |       |     3 |    14 |     9 ||    26
       Finesse           |       |       |       |       |     7 |     7 ||    14
       Duel              |       |       |       |       |     1 |       ||     1
Evoke: Wand              |       |     2 |       |       |     7 |     3 ||    12
       Lightning rod     |       |       |       |       |     1 |     3 ||     4
       Tin of tremorston |       |       |       |       |       |     2 ||     2
  Use: Potion            |       |     7 |     3 |     3 |       |     8 ||    21
       Scroll            |       |     5 |     7 |     4 |     7 |     4 ||    27
 Stab: Paralysed         |       |       |       |     5 |    82 |    60 ||   147
       Sleeping          |       |       |       |       |     5 |     5 ||    10
       Distracted        |       |       |       |       |     4 |     3 ||     7
Armor: Leather armour    |     5 |       |       |       |       |       ||     5
       Ring mail         |    36 |    70 |    69 |   117 |   281 |   107 ||   680
       Scale mail        |       |     1 |   140 |       |       |   248 ||   389
Dodge: Dodged            |    88 |   106 |   195 |   186 |  1015 |   885 ||  2475
       Repelled          |     3 |     2 |     2 |     5 |     8 |    12 ||    32
Block: Other             |    15 |    36 |    36 |       |       |       ||    87
       Kite shield       |       |       |   155 |   399 |   310 |       ||   864
       Buckler           |       |       |       |       |   876 |   970 ||  1846

Table legend: (Time is in decaauts)
 A = Elapsed time spent in this place.
 B = Non-inter-level travel time spent in this place.
 C = Inter-level travel time spent in this place.
 D = Time resting spent in this place.
 E = Time spent auto-exploring this place.
 F = Levels seen in this place.
 G = Mean time per level.
                   A        B        C        D        E       F      G
               +--------+--------+--------+--------+--------+-----+--------+
         Total |  46401 |  43645 |   2756 |  11922 |  19025 |  30 | 1546.7 |
       Dungeon |  23532 |  22047 |   1485 |   5448 |  10828 |  15 | 1568.8 |
        Temple |    103 |    103 |      0 |      0 |     41 |   1 |  103.0 |
          Lair |  13571 |  12573 |    998 |   3257 |   5340 |   6 | 2261.8 |
   Spider Nest |   4254 |   4227 |     27 |   1625 |   1221 |   3 | 1418.0 |
  Orcish Mines |   3267 |   3022 |    245 |    844 |   1209 |   2 | 1633.5 |
      Ice Cave |    605 |    605 |      0 |    277 |     98 |   1 |  605.0 |
       Volcano |   1041 |   1041 |      0 |    456 |    288 |   1 | 1041.0 |
         Arena |     24 |     24 |      0 |     15 |      0 |   1 |   24.0 |
               +--------+--------+--------+--------+--------+-----+--------+

Top non-repeatable levels by time:
  Lair:4: 3792 daAuts
    D:11: 2608 daAuts
    D:15: 2537 daAuts
    D:12: 2501 daAuts
    D:13: 2408 daAuts
  Lair:6: 2247 daAuts
Spider:1: 2240 daAuts
  Lair:2: 2116 daAuts
Spider:2: 2008 daAuts
  Lair:3: 1961 daAuts
  Lair:5: 1939 daAuts
     D:3: 1823 daAuts
   Orc:2: 1780 daAuts
  Lair:1: 1514 daAuts
   Orc:1: 1487 daAuts
